 Dungeon Crawl Stone Soup version 0.22-a0-410-g97be04f (webtiles) character file.

32 galech the Slasher (level 3, -1/25 HPs)
             Began as a Gnoll Wanderer on May 11, 2018.
             Slain by a bullfrog skeleton (5 damage)
             ... on level 2 of the Dungeon.
             The game lasted 00:01:46 (1153 turns).

galech the Slasher (Gnoll Wanderer)                 Turns: 1153, Time: 00:01:47

Health: -1/25      AC:  4    Str: 15    XL:     3   Next: 27%
Magic:  7/7        EV: 11    Int: 14    God:
Gold:   64         SH:  0    Dex: 14    Spells: 7/7 levels left

rFire    . . .     SeeInvis .   a - +2 falchion
rCold    + . .     Gourm    .   (no shield)
rNeg     . . .     Faith    .   i - +2 robe {rC+}
rPois    .         Spirit   .   (no helmet)
rElec    .         Reflect  .   (no cloak)
rCorr    .         Harm     .   (no gloves)
MR       .....                  (no boots)
Stlth    ++........             (no amulet)
HPRegen  0.08/turn              (no ring)
MPRegen  0.10/turn              (no ring)

@: no status effects
A: distributed training, fangs 1, strong nose
a: no special abilities


You were on level 2 of the Dungeon.
You were not hungry.

You visited 1 branch of the dungeon, and saw 2 of its levels.

You collected 64 gold pieces.

Inventory:

Hand Weapons
 a - a +2 falchion (weapon)
Missiles
 g - 41 bolts
Armour
 c - a +0 ring mail
 i - a +2 robe of cold resistance (worn)
Scrolls
 d - 3 scrolls of identify {unknown}
 h - a scroll of remove curse {unknown}
 j - a scroll of fear {unknown}
 k - a scroll of amnesia {unknown}
Potions
 b - 2 potions of curing
 e - a potion of might {unknown}
 m - a potion of agility {unknown}
Comestibles
 f - 5 rations
 l - 6 chunks of flesh


   Skills:
 + Level 0.6 Fighting
 + Level 0.6 Short Blades
 + Level 6.5 Long Blades
 + Level 0.6 Axes
 + Level 0.6 Maces & Flails
 + Level 0.6 Polearms
 + Level 0.6 Staves
 + Level 0.6 Slings
 + Level 0.6 Bows
 + Level 0.6 Crossbows
 + Level 2.5 Throwing
 + Level 0.6 Armour
 + Level 0.6 Dodging
 + Level 2.3 Stealth
 + Level 0.6 Shields
 + Level 0.6 Unarmed Combat
 + Level 2.8 Spellcasting
 + Level 0.4 Conjurations
 + Level 0.4 Hexes
 + Level 0.4 Charms
 + Level 0.4 Summonings
 + Level 2.1 Necromancy
 + Level 0.4 Translocations
 + Level 0.4 Transmutations
 + Level 5.4 Fire Magic
 + Level 0.4 Ice Magic
 + Level 0.4 Air Magic
 + Level 0.4 Earth Magic
 + Level 0.4 Poison Magic
 + Level 0.8 Invocations
 + Level 0.6 Evocations


You had 7 spell levels left.
You didn't know any spells.

Dungeon Overview and Level Annotations

Branches:
Dungeon (2/15)

Altars:
Kikubaaqudgha
The Shining One


Innate Abilities, Weirdness & Mutations

Your experience applies equally to all skills.
You have very sharp teeth.
Your uncanny sense of smell can sniff out nearby items.


Message History

You are too injured to fight recklessly!
You are too injured to fight recklessly!
You are too injured to fight recklessly!
You are too injured to fight recklessly!
You are too injured to fight recklessly!
You are too injured to fight recklessly!
You are too injured to fight recklessly!
You are too injured to fight recklessly!
You are too injured to fight recklessly!
You hit the bullfrog skeleton.
The bullfrog skeleton is heavily damaged.
The bullfrog skeleton hits you.
You hit the bullfrog skeleton.
The bullfrog skeleton is heavily damaged.
The bullfrog skeleton hits you.
* * * LOW HITPOINT WARNING * * *
You hit the bullfrog skeleton.
The bullfrog skeleton is severely damaged.
The bullfrog skeleton hits you.
You die...

#. ####### .....# #.
.(..... .....#
##.##.._..##.<...#
#.PP........P...w#
#.PP...∆..P.P....
#...###.....# ∆
#....#..[P..###..
#PZ@.............
........P...P.##.##>
########......#
######.# #.# #.#
####### #.# ##.....#
##)# #......# #..#


You could see a bullfrog skeleton.

Vanquished Creatures
  4 leopard geckos
  2 bats (D:1)
  4 goblins
  A hobgoblin (D:2)
  2 frilled lizards
  9 kobolds
  6 rats (D:1)
28 creatures vanquished.

Vanquished Creatures (others)
  A plant (D:1)
1 creature vanquished.

Grand Total: 29 creatures vanquished

Notes
Turn   | Place    | Note
-------+----------+-------------------------------------------
     0 | D:1      | galech the Gnoll Wanderer began the quest for the Orb.
     0 | D:1      | galech set off with: a +2 falchion, a potion of curing, a +0 robe, a ration
     0 | D:1      | Reached XP level 1. HP: 13/13 MP: 4/4
   275 | D:1      | Reached XP level 2. HP: 19/19 MP: 5/5
  1026 | D:2      | Found a glowing golden altar of the Shining One.
  1028 | D:2      | Reached XP level 3. HP: 25/25 MP: 7/7
  1134 | D:2      | Found an ancient bone altar of Kikubaaqudgha.
  1153 | D:2      | Slain by a bullfrog skeleton

Vault maps used:
D:1:      minmay_arrival_solitary_statue, roderic_roman_lattice,
          serial_bayou_pond_b, corexii_leaking_fountain, lexackson_kobold_supper
D:2:      kennysheep_ying_yang, kiku_gazebo_garden_becter, lemuel_crystal_altar

Skill      XL: |  1 |
---------------+----+-----
Necromancy     | 2 |  2.1
Fighting       | |  0.6
Short Blades   | |  0.6
Long Blades    | |  6.5
Axes           | |  0.6
Maces & Flails | |  0.6
Polearms       | |  0.6
Staves         | |  0.6
Slings         | |  0.6
Bows           | |  0.6
Crossbows      | |  0.6
Throwing       | |  2.5
Armour         | |  0.6
Dodging        | |  0.6
Stealth        | |  2.3
Shields        | |  0.6
Unarmed Combat | |  0.6
Spellcasting   | |  2.8
Conjurations   | |  0.4
Hexes          | |  0.4
Charms         | |  0.4
Summonings     | |  0.4
Translocations | |  0.4
Transmutations | |  0.4
Fire Magic     | |  5.4
Ice Magic      | |  0.4
Air Magic      | |  0.4
Earth Magic    | |  0.4
Poison Magic   | |  0.4
Invocations    | |  0.8
Evocations     | |  0.6

Action                   || total
-------------------------++-------
Melee: Falchion          ||    76
       Bite              ||     7
 Stab: Sleeping          ||     3
  Eat: Chunk             ||     1
Armor: Ring mail         ||     7
       Robe              ||    13
Dodge: Dodged            ||    44
       Rpst.: Falchion   ||    21

Table legend:
 A = Spawn XP
 B = Non-spawn XP
 C = Spawn XP percentage of total XP
 D = Spawn monster count
 E = Non-spawn monster count
 F = Spawn count percentage of total count
 G = Total turns spent on level
                    A         B        C        D         E        F      G
               +---------+---------+-------+---------+---------+-------+---------
         Total |       0 |      47 |   0.0 |       0 |      28 |   0.0 |  1153
               +---------+---------+-------+---------+---------+-------+---------
           D:1 |       0 |      29 |   0.0 |       0 |      19 |   0.0 |   868
           D:2 |       0 |      18 |   0.0 |       0 |       9 |   0.0 |   285
               +---------+---------+-------+---------+---------+-------+---------
